 Dungeon Crawl Stone Soup version 0.30-a0-169-g06f667207d (webtiles) character file.

Game seed: 16366403244479064649

4585 qw the Cleaver (level 10, -23/64 HPs)
             Began as a Gargoyle Fighter on Sept 30, 2022.
             Was a Follower of Okawaru.
             Annihilated by Erolcha
             ... wielding a +0 giant spiked club
              (38 damage)
             ... on level 10 of the Dungeon.
             The game lasted 00:03:28 (10470 turns).

qw the Cleaver (Gargoyle Fighter)                  Turns: 10470, Time: 00:03:28

Health: -23/64     AC: 27    Str: 29    XL:     10   Next: 41%
Magic:  12/13      EV: 13    Int:  7    God:    Okawaru [*.....]
Gold:   255        SH: 10    Dex:  8    Spells: 9/9 levels left

rFire   + . .      SeeInvis .    q - +2 war axe (flame)
rCold   . . .      Faith    .    c - +0 buckler
rNeg    + . .      Spirit   .    k - +0 plate armour
rPois   inf        Reflect  +    (helmet restricted)
rElec   +          Harm     .    f - scarf {repulsion}
rCorr   .          Rampage  .    a - +0 pair of gloves
Will    +....                    s - +2 pair of boots {Fly}
Stlth   ..........               m - amulet of reflection
HPRegen 0.20/turn                r - ring of protection from fire
MPRegen 0.13/turn                p - +4 ring of evasion

@: about to teleport, heroic, weakened, flying, repel missiles
A: sickness immunity, AC +7, negative energy resistance 1, electricity
resistance, torment resistance 1, petrification resistance, antennae 1,
strong-willed 1, strong 1
a: Renounce Religion, Heroism


You were on level 10 of the Dungeon.
You worshipped Okawaru.
Okawaru was aware of your devotion.
You visited 2 branches of the dungeon, and saw 11 of its levels.

You collected 505 gold pieces.
You spent 250 gold pieces at shops.


Innate Abilities, Weirdness & Mutations

You are immune to sickness and miasma.
Your stone body is resilient. (AC +7)
You are immune to poison.
You resist negative energy. (rN+)
You are resistant to electric shocks. (rElec)
You are resistant to unholy torment.
You are immune to petrification.
You have a pair of small antennae on your head.
You are strong-willed. (Will+)
Your muscles are strong. (Str +4, Int/Dex -1)


   Skills:
 - Level 8.0(13.0) Fighting
 - Level 10.0(15.0) Axes
 - Level 1.4(6.4) Throwing
 - Level 6.9(11.9) Armour
 - Level 1.5(6.5) Dodging
 + Level 4.5(9.5) Shields
 - Level 4.0 Invocations


You had 9 spell levels left.
You didn't know any spells.
Your spell library was empty.

Inventory:

Hand Weapons
 q - a +2 war axe of flaming (weapon)
Missiles
 l - a boomerang (quivered)
Armour
 a - a +0 pair of gloves (worn)
 c - a +0 buckler (worn)
 f - a scarf of repulsion (worn)
 k - a +0 plate armour (worn)
 s - a +2 pair of boots of flying (worn)
Jewellery
 m - an amulet of reflection (around neck)
 p - a +4 ring of evasion (right hand)
 r - a ring of protection from fire (left hand)
Scrolls
 e - 4 scrolls of identify
Potions
 b - 3 potions of mutation
 d - 3 potions of might
 g - a potion of haste
 h - 2 potions of lignification
 j - a potion of cancellation
 n - 2 potions of curing

Dungeon Overview and Level Annotations

Branches:
Dungeon (10/15)            Temple (1/1) D:7
   Lair: D:8-11         Orc: D:9-12

Altars:
Ashenzari
Cheibriados
Dithmenos
Elyvilon
Fedhas
Gozag
Hepliaklqana
Kikubaaqudgha
Makhleb
Nemelex Xobeh
Okawaru
Qazlal
Ru
Sif Muna
Uskayaw
Vehumet
Wu Jian
Xom
Zin
The Shining One
Jiyva

Shops:
D:6 =

Annotations:
D:1 2 runed translucent doors
D:5 1 runed translucent door, qw's ghost, amateur GrFi
D:10 Erolcha


Message History

An orc wizard comes into view. It is wielding a +0 dagger.
The orc wizard shouts!
The orc shouts!
The gnoll bouda shouts!
You block the gnoll's attack. Something hits you.
The orc wizard mumbles some strange words.
The orc wizard flickers and vanishes!
You slash the gnoll! You burn the gnoll.
You kill the gnoll!
Okawaru accepts your kill.
You hit the gnoll but do no damage. You barely miss something.
You block the gnoll's attack. Something hits you!!
You barely miss the gnoll. You hit something but do no damage.
You slice the gnoll!! You burn the gnoll.
You kill the gnoll!
Okawaru accepts your kill.
You hit something. You burn something. You block something's attack.
You barely miss the orc wizard. You slash something! You burn something.
You hit the gnoll. You burn the gnoll. You hit the gnoll but do no damage.
The gnoll is heavily wounded.
You slash the orc wizard! You burn the orc wizard.
You kill the orc wizard!
Okawaru accepts your kill.
You slash something! You burn something.
The gnoll bouda gazes fiercely through you!
You feel your attacks grow feeble. The gnoll barely misses you.
You slash the gnoll! You burn the gnoll.
You kill the gnoll!
Okawaru accepts your kill.
You closely miss something. You hit the orc. You burn the orc.
Something hits you!! The orc hits you but does no damage.
You block the gnoll's attack.
10470 ||| READING scroll of teleportation.
As you read the scroll of teleportation, it crumbles to dust.
You feel strangely unstable. The gnoll bouda barely misses you.
You block the orc's attack. Something hits you!!!
Ouch! That really hurt!
You die...

....## .# ## .....## (.##..
..#...# ......##.......
......#......# #..{#.g....#.
#...o)g....... .....
#)@........####....
##..{............... ....
####...................
.....
#.....##...#........... ....
#####...## #.###..........
#..##.##...##
..###.......... #......#..##
#.#.#......)...
#.......#.#..#..............
##...:........:.............


You could see a gnoll bouda, a gnoll and an orc.

Vanquished Creatures
  A deep elf pyromancer (D:8)
  Maggie (D:10)
  Grinder (D:3)
  Prince Ribbit (D:8)
  4 yaks (D:9)
  A wyvern (D:10)
  A sky beast (D:8)
  An ice beast (D:5)
  An orc warrior (D:10)
  2 ogres (D:5)
  A centaur (D:10)
  A phantom (D:4)
  4 kobold brigands
  5 bullfrogs
  2 gnoll sergeants (D:9)
  2 necrophages (D:6)
  2 scorpions (D:5)
  An electric eel (D:6)
  A howler monkey (D:6)
  3 hounds
  3 jellies
  6 orc priests
  A gnoll bouda (D:8)
  3 iguanas
  An iron imp (D:3)
  10 orc wizards
  17 gnolls
  9 adders
  2 shadow imps (D:6)
  2 white imps (D:6)
  2 worms (D:2)
  3 dart slugs
  35 orcs
  6 endoplasms
  3 giant cockroaches
  5 hobgoblins
  5 jackals
  18 kobolds
  A quokka (D:4)
  8 ball pythons
  2 bats (D:1)
  8 frilled lizards
  6 goblins
  9 rats
201 creatures vanquished.

Vanquished Creatures (others)
  An orc wizard (D:5)
  40 plants (D:6)
41 creatures vanquished.

Grand Total: 242 creatures vanquished

Notes
Turn   | Place    | Note
-------+----------+-------------------------------------------
     0 | D:1      | qw the Gargoyle Fighter began the quest for the Orb.
     0 | D:1      | Reached XP level 1. HP: 14/14 MP: 1/1
     0 | D:1      | 0 ||| qw: Version: 0.2-a-12-gaebbb33
     0 | D:1      | 0 ||| qw: Game counter: 1399
     0 | D:1      | 0 ||| qw: Always use a shield: true
     0 | D:1      | 0 ||| qw: God list: Okawaru
     0 | D:1      | 0 ||| qw: Allow faded altars: false
     0 | D:1      | 0 ||| qw: Do Orc after D:15 true
     0 | D:1      | 0 ||| qw: Do second Lair branch before Depths: true
     0 | D:1      | 0 ||| qw: Lair rune preference: random
     0 | D:1      | 0 ||| qw: Plans: Normal, Zot:1-4, God:TSO, Crypt, Tomb,
                  | Pan, Slime:5, Hells, Abyss, Orb
     0 | D:1      | 0 ||| PLANNING D:1-11
    22 | D:1      | 22 ||| Stepping ~*~*~tactically~*~*~ (stealth).
    26 | D:1      | 26 ||| Stepping ~*~*~tactically~*~*~ (stealth).
    33 | D:1      | Reached skill level 2 in Axes
   101 | D:1      | 101 ||| Stepping ~*~*~tactically~*~*~ (stealth).
   157 | D:1      | 157 ||| Stepping ~*~*~tactically~*~*~ (stealth).
   182 | D:1      | Reached XP level 2. HP: 11/19 MP: 2/2
   321 | D:1      | Found a large runed translucent door.
   321 | D:1      | Found a large runed translucent door.
   328 | D:1      | Found a viscous altar of Jiyva.
   359 | D:1      | 359 ||| Stepping ~*~*~tactically~*~*~ (stealth).
   480 | D:1      | 480 ||| Stepping ~*~*~tactically~*~*~ (stealth).
   877 | D:1      | 877 ||| Stepping ~*~*~tactically~*~*~ (hiding).
   888 | D:1      | Reached skill level 3 in Axes
   946 | D:1      | Reached XP level 3. HP: 17/23 MP: 3/3
  1536 | D:1      | 1536 ||| READING scroll labelled WALABUMIHA.
  1537 | D:1      | 1537 ||| READING 2 scrolls labelled MACLAVO NIXI.
  1538 | D:1      | 1538 ||| DROPPING scroll of blinking.
  1601 | D:2      | Identified the +1 sling "Enuegef" {flame, Will+ Int-4
                  | Dex+3}
  1757 | D:2      | 1757 ||| Stepping ~*~*~tactically~*~*~ (stealth).
  1759 | D:2      | 1759 ||| Stepping ~*~*~tactically~*~*~ (hiding).
  1984 | D:2      | Reached XP level 4. HP: 28/28 MP: 4/4
  2075 | D:2      | Found an opulent altar of Gozag.
  2388 | D:2      | Reached skill level 4 in Axes
  2407 | D:2      | 2407 ||| Stepping ~*~*~tactically~*~*~ (stealth).
  2581 | D:2      | 2581 ||| Stepping ~*~*~tactically~*~*~ (stealth).
  2597 | D:2      | 2597 ||| DROPPING +0 mace.
  2598 | D:2      | Found a faded altar of an unknown god.
  2748 | D:2      | 2748 ||| UPGRADING to +0 pair of gloves.
  2753 | D:2      | 2753 ||| UPGRADING to +0 plate armour.
  2763 | D:2      | 2763 ||| DROPPING +0 scale mail.
  2764 | D:2      | 2764 ||| UPGRADING to amulet of regeneration.
  2769 | D:2      | 2769 ||| UPGRADING to amulet of reflection.
  2779 | D:2      | 2779 ||| DROPPING amulet of regeneration.
  2780 | D:2      | 2780 ||| READING scroll labelled PAERIYM WUCVA.
  2784 | D:2      | 2784 ||| READING scroll labelled NIWIL NUBLELAL.
  2785 | D:2      | 2785 ||| READING scroll labelled MEACICEUDO.
  2786 | D:2      | 2786 ||| DRINKING 2 grey potions.
  2833 | D:3      | Noticed Grinder
  2834 | D:3      | 2834 ||| Stepping ~*~*~tactically~*~*~ (hiding).
  2851 | D:3      | 2851 ||| FLEEEEING.
  2852 | D:3      | 2852 ||| FLEEEEING.
  2853 | D:3      | 2853 ||| FLEEEEING.
  2854 | D:3      | 2854 ||| FLEEEEING.
  2855 | D:3      | 2855 ||| FLEEEEING.
  2856 | D:3      | 2856 ||| FLEEEEING.
  2857 | D:3      | 2857 ||| FLEEEEING.
  2858 | D:3      | 2858 ||| FLEEEEING.
  2859 | D:3      | 2859 ||| FLEEEEING.
  2863 | D:3      | 2863 ||| FLEEEEING.
  2864 | D:3      | 2864 ||| FLEEEEING.
  2867 | D:3      | 2867 ||| STAIRDANCE
  2955 | D:3      | 2955 ||| Stepping ~*~*~tactically~*~*~ (hiding).
  2964 | D:3      | Paralysed by Grinder for 5 turns
  2970 | D:3      | 2970 ||| Stepping ~*~*~tactically~*~*~ (hiding).
  2977 | D:3      | HP: 7/28 [Grinder (4)]
  2978 | D:3      | 2978 ||| DRINKING potion of heal wounds.
  2980 | D:3      | Killed Grinder
  2981 | D:3      | Reached skill level 5 in Axes
  2981 | D:3      | Reached XP level 5. HP: 31/32 MP: 5/5
  2981 | D:3      | Reached XP level 6. HP: 36/37 MP: 6/6
  3024 | D:3      | 3024 ||| Stepping ~*~*~tactically~*~*~ (stealth).
  3162 | D:3      | Found a radiant altar of Vehumet.
  3169 | D:3      | Found an ancient bone altar of Kikubaaqudgha.
  3188 | D:3      | Found a shimmering blue altar of Sif Muna.
  3382 | D:3      | Found a snail-covered altar of Cheibriados.
  3396 | D:3      | Reached skill level 6 in Axes
  3480 | D:3      | 3480 ||| UPGRADING to scarf of repulsion.
  3485 | D:3      | 3485 ||| DRINKING 3 cyan potions.
  3485 | D:3      | Gained mutation: Your muscles are strong. (Str +4, Int/Dex
                  | -1) [potion of mutation]
  3485 | D:3      | Gained mutation: You are strong-willed. (Will+) [potion of
                  | mutation]
  3485 | D:3      | Gained mutation: You have a pair of small antennae on your
                  | head. [potion of mutation]
  3486 | D:3      | 3486 ||| READING 3 scrolls of identify.
  3486 | D:3      | 3486 ||| IDENTIFYING yellow potion
  3487 | D:3      | 3487 ||| READING 2 scrolls of identify.
  3487 | D:3      | 3487 ||| IDENTIFYING sedimented cyan potion
  3488 | D:3      | 3488 ||| DROPPING potion of brilliance.
  3660 | D:4      | Reached XP level 7. HP: 43/43 MP: 7/7
  4048 | D:4      | 4048 ||| READING 2 scrolls labelled YSOTUE ILAPPU.
  4049 | D:4      | 4049 ||| READING scroll labelled HOTICR POCEORU.
  4150 | D:4      | 4150 ||| READING 2 scrolls of identify.
  4150 | D:4      | 4150 ||| IDENTIFYING sedimented emerald potion
  4151 | D:4      | 4151 ||| DROPPING scroll of noise.
  4197 | D:5      | Entered Level 5 of the Dungeon
  4226 | D:5      | Reached skill level 7 in Axes
  4255 | D:5      | 4255 ||| Stepping ~*~*~tactically~*~*~ (hiding).
  4265 | D:5      | 4265 ||| Stepping ~*~*~tactically~*~*~ (stealth).
  4757 | D:5      | Reached skill level 1 in Dodging
  4757 | D:5      | Reached XP level 8. HP: 27/49 MP: 8/8
  5028 | D:5      | 5028 ||| Stepping ~*~*~tactically~*~*~ (hiding).
  5251 | D:5      | Reached skill level 8 in Axes
  5560 | D:5      | Found a runed translucent door.
  5561 | D:5      | Noticed a yak
  5562 | D:5      | Noticed qw's ghost (amateur GrFi)
  5762 | D:5      | 5762 ||| DROPPING +6 ring of intelligence.
  5763 | D:5      | 5763 ||| DRINKING 2 metallic red potions.
  5764 | D:5      | 5764 ||| READING 3 scrolls of identify.
  5764 | D:5      | 5764 ||| IDENTIFYING fizzy black potion
  5765 | D:5      | 5765 ||| READING 2 scrolls of identify.
  5765 | D:5      | 5765 ||| IDENTIFYING fuming clear potion
  5766 | D:5      | 5766 ||| DROPPING potion of magic.
  5767 | D:5      | 5767 ||| DROPPING potion of flight.
  5778 | D:5      | 5778 ||| STAIRDANCE
  5782 | D:5      | 5782 ||| STAIRDANCE
  5786 | D:5      | 5786 ||| STAIRDANCE
  5790 | D:5      | 5790 ||| STAIRDANCE
  5794 | D:5      | 5794 ||| STAIRDANCE
  5798 | D:5      | 5798 ||| STAIRDANCE
  5802 | D:5      | 5802 ||| STAIRDANCE
  5806 | D:5      | 5806 ||| STAIRDANCE
  5810 | D:5      | 5810 ||| STAIRDANCE
  5814 | D:5      | 5814 ||| STAIRDANCE
  5818 | D:5      | 5818 ||| STAIRDANCE
  5822 | D:5      | 5822 ||| STAIRDANCE
  5826 | D:5      | 5826 ||| STAIRDANCE
  5830 | D:5      | 5830 ||| STAIRDANCE
  5834 | D:5      | 5834 ||| STAIRDANCE
  5838 | D:5      | 5838 ||| STAIRDANCE
  5842 | D:5      | 5842 ||| STAIRDANCE
  5846 | D:5      | 5846 ||| STAIRDANCE
  5850 | D:5      | 5850 ||| STAIRDANCE
  5854 | D:5      | 5854 ||| STAIRDANCE
  5933 | D:4      | Found a glowing silver altar of Zin.
  5982 | D:6      | 5982 ||| Stepping ~*~*~tactically~*~*~ (stealth).
  5983 | D:6      | 5983 ||| Stepping ~*~*~tactically~*~*~ (stealth).
  5985 | D:6      | 5985 ||| Stepping ~*~*~tactically~*~*~ (stealth).
  5990 | D:6      | 5990 ||| Stepping ~*~*~tactically~*~*~ (stealth).
  5999 | D:6      | Reached skill level 6 in Fighting
  6020 | D:6      | 6020 ||| Stepping ~*~*~tactically~*~*~ (stealth).
  6022 | D:6      | 6022 ||| Stepping ~*~*~tactically~*~*~ (hiding).
  6024 | D:6      | 6024 ||| Stepping ~*~*~tactically~*~*~ (hiding).
  6025 | D:6      | 6025 ||| Stepping ~*~*~tactically~*~*~ (stealth).
  6026 | D:6      | 6026 ||| Stepping ~*~*~tactically~*~*~ (stealth).
  6033 | D:6      | 6033 ||| FLEEEEING.
  6054 | D:6      | 6054 ||| Stepping ~*~*~tactically~*~*~ (stealth).
  6118 | D:6      | 6118 ||| Stepping ~*~*~tactically~*~*~ (stealth).
  6119 | D:6      | 6119 ||| Stepping ~*~*~tactically~*~*~ (stealth).
  6120 | D:6      | 6120 ||| Stepping ~*~*~tactically~*~*~ (stealth).
  6121 | D:6      | 6121 ||| Stepping ~*~*~tactically~*~*~ (stealth).
  6413 | D:6      | 6413 ||| Stepping ~*~*~tactically~*~*~ (stealth).
  6415 | D:6      | 6415 ||| Stepping ~*~*~tactically~*~*~ (hiding).
  6452 | D:6      | 6452 ||| Stepping ~*~*~tactically~*~*~ (stealth).
  6504 | D:6      | Reached skill level 1 in Throwing
  6512 | D:6      | Reached XP level 9. HP: 42/55 MP: 9/9
  6665 | D:6      | Found Weal Kocyi's Jewellery Boutique.
  6673 | D:6      | 6673 ||| SHOPLISTING +4 ring of protection (360 gold, have
                  | 325).
  6673 | D:6      | 6673 ||| SHOPLISTING +4 ring of slaying (780 gold, have
                  | 325).
  6673 | D:6      | 6673 ||| SHOPLISTING ring "Yhaoka" {rN++ MP-9 Str+2 Int+2
                  | Dex+6} (430 gold, have 325).
  6673 | D:6      | 6673 ||| BUYING ring of protection from fire (250 gold).
  6673 | D:6      | Bought a ring of protection from fire for 250 gold pieces
  6673 | D:6      | 6673 ||| SHOPLISTING ring of willpower (250 gold, have 75).
  6737 | D:6      | Found an ornate altar of the Wu Jian Council.
  6910 | D:6      | 6910 ||| UPGRADING to ring of protection from fire.
  6911 | D:6      | 6911 ||| READING scroll labelled FEOSTR ROANI.
  6912 | D:6      | 6912 ||| READING scroll labelled YHATYPRIENNOM.
  6913 | D:6      | 6913 ||| DRINKING 2 fizzy yellow potions.
  6914 | D:6      | 6914 ||| DROPPING potion of degeneration.
  6986 | D:7      | Found a staircase to the Ecumenical Temple.
  6987 | D:7      | 6987 ||| PLANNING TEMPLE
  6987 | D:7      | 6987 ||| READING 2 scrolls of identify.
  6987 | D:7      | 6987 ||| IDENTIFYING white potion
  6988 | D:7      | 6988 ||| DROPPING potion of invisibility.
  6998 | Temple   | Entered the Ecumenical Temple
  7024 | Temple   | 7024 ||| PLANNING OKAWARU WORSHIP
  7109 | Temple   | Became a worshipper of Warmaster Okawaru
  7110 | Temple   | 7110 ||| PLANNING D:1-11
  7556 | D:7      | 7556 ||| Stepping ~*~*~tactically~*~*~ (stealth).
  7558 | D:7      | 7558 ||| Stepping ~*~*~tactically~*~*~ (stealth).
  7570 | D:7      | Reached skill level 9 in Axes
  8026 | D:7      | 8026 ||| READING scroll labelled UBIFEMU LIKOA.
  8263 | D:8      | 8263 ||| Stepping ~*~*~tactically~*~*~ (stealth).
  8265 | D:8      | 8265 ||| Stepping ~*~*~tactically~*~*~ (hiding).
  8388 | D:8      | Found a shadowy altar of Dithmenos.
  8460 | D:8      | Found a hazy altar of Hepliaklqana.
  8653 | D:8      | Noticed Prince Ribbit
  8667 | D:8      | 8667 ||| FLEEEEING.
  8669 | D:8      | 8669 ||| FLEEEEING.
  8670 | D:8      | 8670 ||| FLEEEEING.
  8671 | D:8      | 8671 ||| STAIRDANCE
  8746 | D:7      | 8746 ||| UPGRADING to +0 pair of boots.
  8751 | D:7      | 8751 ||| UPGRADING to +4 ring of evasion.
  8755 | D:8      | Killed Prince Ribbit
  8756 | D:8      | 8756 ||| STAIRDANCE
  8884 | D:8      | Noticed a deep elf pyromancer
  8893 | D:8      | Killed a deep elf pyromancer
  8894 | D:8      | Reached skill level 6 in Armour
  9134 | D:9      | 9134 ||| Stepping ~*~*~tactically~*~*~ (hiding).
  9135 | D:9      | 9135 ||| Stepping ~*~*~tactically~*~*~ (hiding).
  9144 | D:9      | Reached * piety under Okawaru
  9236 | D:9      | 9236 ||| INVOKING Heroism.
  9248 | D:9      | 9248 ||| INVOKING Heroism.
  9542 | D:9      | 9542 ||| INVOKING Heroism.
  9549 | D:9      | Reached skill level 1 in Invocations
  9549 | D:9      | Reached XP level 10. HP: 63/63 MP: 7/11
  9560 | D:9      | 9560 ||| INVOKING Heroism.
  9564 | D:9      | Reached skill level 3 in Invocations
  9800 | D:9      | 9800 ||| INVOKING Heroism.
  9863 | D:9      | 9863 ||| Stepping ~*~*~tactically~*~*~ (stealth).
  9864 | D:9      | 9864 ||| Stepping ~*~*~tactically~*~*~ (stealth).
  9865 | D:9      | 9865 ||| Stepping ~*~*~tactically~*~*~ (stealth).
  9870 | D:9      | 9870 ||| Stepping ~*~*~tactically~*~*~ (stealth).
  9876 | D:9      | 9876 ||| Stepping ~*~*~tactically~*~*~ (hiding).
 10065 | D:9      | 10065 ||| Stepping ~*~*~tactically~*~*~ (stealth).
 10067 | D:9      | 10067 ||| FLEEEEING.
 10073 | D:9      | 10073 ||| FLEEEEING.
 10074 | D:9      | 10074 ||| FLEEEEING.
 10075 | D:9      | 10075 ||| FLEEEEING.
 10076 | D:9      | 10076 ||| FLEEEEING.
 10077 | D:9      | 10077 ||| FLEEEEING.
 10078 | D:9      | 10078 ||| FLEEEEING.
 10079 | D:9      | 10079 ||| FLEEEEING.
 10080 | D:9      | 10080 ||| FLEEEEING.
 10081 | D:9      | 10081 ||| FLEEEEING.
 10082 | D:9      | 10082 ||| FLEEEEING.
 10083 | D:9      | 10083 ||| FLEEEEING.
 10084 | D:9      | 10084 ||| FLEEEEING.
 10085 | D:9      | 10085 ||| STAIRDANCE
 10180 | D:8      | 10180 ||| UPGRADING to +2 pair of boots of flying.
 10190 | D:8      | 10190 ||| DROPPING +0 pair of boots.
 10191 | D:8      | 10191 ||| READING 4 scrolls of identify.
 10191 | D:8      | 10191 ||| IDENTIFYING pink potion
 10310 | D:10     | Entered Level 10 of the Dungeon
 10332 | D:10     | Noticed Maggie
 10333 | D:10     | 10333 ||| Stepping ~*~*~tactically~*~*~ (hiding).
 10343 | D:10     | Killed Maggie
 10344 | D:10     | Reached skill level 10 in Axes
 10366 | D:10     | 10366 ||| SWAPPING to +2 war axe of flaming.
 10367 | D:10     | 10367 ||| DROPPING +0 flail.
 10368 | D:10     | 10368 ||| DROPPING +1 war axe of venom.
 10386 | D:10     | 10386 ||| INVOKING Heroism.
 10459 | D:10     | Noticed Erolcha
 10460 | D:10     | 10460 ||| INVOKING Heroism.
 10469 | D:10     | HP: 15/64 [something (24)]
 10470 | D:10     | 10470 ||| READING scroll of teleportation.
 10470 | D:10     | Annihilated by Erolcha

Levels and vault maps discovered:
D:1:      erik_arrival_cave_to_civilisation [erik_arrival_cave_to_temple],
          layout_basic
D:2:      layout_loops_corners, hellmonk_ecumenical_altar_defaced_shrine,
          basic_altar, minmay_pentomino_u2
D:3:      layout_rooms, palyth_temple_overflow_mages, slow_altar_2,
          minivault_26, uniq_grinder
D:4:      layout_basic, nicolae_overflow_hidden_temple
D:5:      layout_loops_corners, ebering_ghost_inner_flame
D:6:      layout_loops_cross, mainiacjoe_overflow_alcove_1, serial_bayou,
          serial_bayou_pond_a, serial_bayou_lagoon_a, serial_bayou_ford_a,
          serial_shops, nicolae_shop_stone
D:7:      layout_layer_cave, minmay_temple_entry_grid
D:8:      layout_rooms, riverfiend_overflow_shadow_ancestor,
          guppyfry_early_elven_hall, uniq_prince_ribbit1
D:9:      layout_gridville
D:10:     layout_cave_pools, mainiacjoe_overflow_two_lobes, uniq_erolcha,
          uniq_maggie
Temple:   nicolae_temple_godzebo

Skill      XL: |  1  2  3  4  5  6  7  8  9 10 |
---------------+-------------------------------+-----
Axes           | 2 3 5 6 7 8 9 10 | 10.0
Fighting       | 4 5 6 7 8 |  8.0
Armour         | 4 5 6 |  6.9
Dodging        | 1 |  1.5
Throwing       | 1 |  1.4
Shields        | 4 |  4.5
Invocations    | 1 4 |  4.0

Action                   |  1- 3 |  4- 6 |  7- 9 | 10-12 || total
-------------------------+-------+-------+-------+-------++-------
Melee: War axe           |   118 |    99 |   316 |    64 ||   597
Throw: Boomerang         |       |       |    27 |     2 ||    29
Invok: Heroism           |       |       |     3 |     4 ||     7
  Use: Scroll            |     2 |     5 |     9 |     2 ||    18
       Potion            |       |     3 |     2 |       ||     5
Armor: Scale mail        |    72 |    15 |       |       ||    87
       Plate armour      |       |    27 |   158 |    21 ||   206
Dodge: Dodged            |    39 |    17 |    93 |    25 ||   174
       Repelled          |       |       |     1 |       ||     1
Block: Buckler           |    19 |    26 |   112 |    30 ||   187
       Reflection        |       |       |     3 |     2 ||     5

Table legend:
 A = Non-vault XP
 B = Vault XP
 C = Vault XP percentage of total XP
 D = Non-vault monster count
 E = Vault monster count
 F = Vault count percentage of total count
                 A         B        C        D         E       F
            +---------+---------+-------+---------+---------+-------
      Total |    4889 |    1662 |  25.4 |     187 |      15 |   7.4
            +---------+---------+-------+---------+---------+-------
        D:1 |      35 |       3 |   7.9 |      24 |       2 |   7.7
        D:2 |     103 |      12 |  10.4 |      22 |       5 |  18.5
        D:3 |       9 |     403 |  97.8 |       5 |       5 |  50.0
        D:4 |     252 |       0 |   0.0 |      18 |       0 |   0.0
        D:5 |     968 |       0 |   0.0 |      26 |       0 |   0.0
        D:6 |     771 |       0 |   0.0 |      26 |       0 |   0.0
        D:7 |     293 |       0 |   0.0 |      10 |       0 |   0.0
        D:8 |     548 |     846 |  60.7 |      18 |       2 |  10.0
        D:9 |    1378 |       0 |   0.0 |      27 |       0 |   0.0
       D:10 |     532 |     398 |  42.8 |      11 |       1 |   8.3
            +---------+---------+-------+---------+---------+-------
